 Zot Defence DCSS version 0.14.2 (webtiles) character file.

98 slep the Ducker (level 4, -9/45 HPs)
             Began as a Troll Fighter on Nov 10, 2017.
             Mangled by Husa the two-headed ogre
             ... wielding a +0,+0 giant spiked club
              (11 damage)
             ... in the Realm of Zot (Scenario III: Two or Three?).
             The game lasted 00:04:10 (335 turns).

slep the Ducker (Troll Fighter)                      Turns: 335, Time: 00:04:10

HP  -9/45        AC  5     Str 24      XL: 4   Next: 43%
MP   2/2         EV  8     Int  4      God:
Gold 0           SH 18     Dex 10      Spells:  0 memorised,  3 levels left

rFire  . . .     SeeInvis .     a - +0 flail
rCold  . . .     Clarity  .     b - +0 robe
rNeg   . . .     Conserve .     c - +0 shield
rPois  .         rCorr    .     (helmet restricted)
rElec  .         rRot     .     (no cloak)
SustAb . .       Spirit   .     (gloves unavailable)
rMut   .         Warding  .     (boots unavailable)
Gourm  +         Stasis   .     (no amulet)
MR     .....                    (no ring)
                                (no ring)

@: not resistant to hostile enchantments, unstealthy
A: unfitting armour, claws 3, fast metabolism 3, gourmand, regeneration 2,
saprovore 2, shaggy fur 1, tough skin 2
a: Make dart trap, Make oklob sapling, Make arrow trap, Make plant, Remove Curse


You were in the Realm of Zot.
You were not hungry.

You visited 1 branch

Inventory:

Hand weapons
 a - a +0,+0 flail (weapon)
 l - a +0,+0 whip of venom
 m - a +1,+1 whip of venom
Armour
 b - a +0 robe (worn)
 c - a +0 shield (worn)
Comestibles
 f - 2 meat rations
Scrolls
 k - a scroll of blinking
Potions
 d - 3 potions of curing
 e - a potion of might
 g - a potion of heal wounds
 h - a potion of haste
 i - 2 potions of magic
 j - a potion of berserk rage


   Skills:
 + Level 3.2 Fighting
 + Level 1.9 Maces & Flails
 + Level 3.2 Dodging
 + Level 3.0 Shields


You had 3 spell levels left.
You didn't know any spells.

Dungeon Overview and Level Annotations

Branches:
    Zot (1/1)

Altars:


Innate Abilities, Weirdness & Mutations

You are too large for most types of armour.
You have claws for hands.
Your metabolism is lightning-fast.
You like to eat raw meat.
You heal very quickly.
You can eat rotten meat.
You are covered in fur (AC +1).
You have very tough skin (AC +2).


Message History

m - a runed whip
Items here: %%%% ( ))))
Okay, then.
You hit Husa.
Husa is lightly wounded.
Husa hits you with a giant spiked club! Husa hits you with a giant club!
You sock Husa!
Husa is moderately wounded.
You sock Husa!
Husa is heavily wounded.
You block Husa's attack. Husa hits you with a giant club!
* * * LOW HITPOINT WARNING * * *
Your shield prevents you from hitting Husa.
Husa is heavily wounded.
You hit Husa.
Husa is heavily wounded.
Husa hits you with a giant spiked club.
* * * LOW HITPOINT WARNING * * *
Husa hits you with a giant club!
You die...

∆▓▓ ▓▓▓.............▓▓▓ ▓
∆▓▓▓▓▓▓▓▓▓▓▓▓.........▓▓▓▓▓▓▓▓▓▓▓
∆∆∆∆∆∆▓▓▓▓▓▓▓▓.......▓▓▓▓▓▓▓▓∆∆∆∆
∆▓▓▓▓▓▓▓▓▓▓▓▓.........▓▓▓▓▓▓▓▓▓▓▓
∆▓▓ ▓▓▓.............▓▓▓ ▓ ∆∆▓
▓▓▓.................▓▓▓ ▓ ∆∆▓
▓▓▓....▓...........▓....▓▓▓ ▓
▓▓▓▓▓....▓▓▓▓.........▓▓▓▓....▓▓▓
▓▓▓....▓▓▓ ▓▓.O@)().▓▓ ▓▓▓....▓
.....▓▓▓ ▓▓▓▓▓▓▓▓▓ ▓▓▓...
.▓▓▓▓▓▓▓▓▓▓▓▓▓▓▓▓▓▓▓▓▓▓▓▓▓▓▓▓▓▓▓▓
.▓▓▓....▓.................▓....▓▓
.▓▓.....▓.................▓.....▓
.▓▓...▓▓...................▓▓...▓
.▓▓...▓..▓▓▓▓▓▓▓▓.▓▓▓▓▓▓▓▓..▓...▓
.▓▓...▓..▓ ▓.▓ ▓..▓...▓
▓▓....▓..▓ ▓▓.▓▓ ▓..▓....


You could see Husa the two-headed ogre.

Vanquished Creatures
  An orc priest (Zot)
  An ooze (Zot)
  2 ball pythons (Zot)
  3 bats (Zot)
  3 goblins (Zot)
  A giant newt (Zot)
  6 kobolds (Zot)
  3 rats (Zot)
20 creatures vanquished.

Notes
Turn   | Place    | Note
--------------------------------------------------------------
     0 | Zot      | slep, the Troll Fighter, began the quest for the Orb.
     0 | Zot      | Reached XP level 1. HP: 22/22 MP: 1/1
   215 | Zot      | Noticed Garbold
   223 | Zot      | Killed Garbold the orc priest
   223 | Zot      | Reached skill level 3 in Fighting
   223 | Zot      | Reached XP level 2. HP: 12/31 MP: 1/1
   223 | Zot      | Reached XP level 3. HP: 14/37 MP: 2/2
   287 | Zot      | Reached XP level 4. HP: 45/45 MP: 2/2
   326 | Zot      | Noticed Husa
   335 | Zot      | HP: 2/45 [Husa the two-headed ogre/giant spiked club (5)]
   335 | Zot      | Mangled by Husa the two-headed ogre

Action                   |  1- 3 |  4- 6 || total
-------------------------+-------+-------++-------
Melee: Flail             |    17 |    32 ||    49
